 Dungeon Crawl Stone Soup version 0.31-a0-848-gaac375c287 (webtiles) character file.

Game seed: 13385964845042682922

19142 D12ThenQuit the Slicer (level 12, 94/94 HPs)
             Began as a Vampire Wanderer on Oct 4, 2023.
             Was a High Priest of Okawaru.
             Safely got out of the dungeon.
             The game lasted 00:29:30 (12202 turns).

D12ThenQuit the Slicer (Vampire Wanderer)          Turns: 12202, Time: 00:29:31

Health: 94/94      AC: 21    Str:  7    XL:     12   Next: 33%
Magic:  27/27      EV: 16    Int: 12    God:    Okawaru [*****.]
Gold:   522        SH:  0    Dex: 23    Spells: 9/11 levels left

rFire   + . .        a - +4 short sword of Eternal War {elec, rCorr Str-4 Int+2 Stlth+}
rCold   + . .        (no shield)
rNeg    . . .        S - +9 swamp dragon scales of the Bulwark {rPois rF+ rC+ MP+9}
rPois   +            W - +0 helmet
rElec   .            K - +0 cloak
rCorr   +            u - +0 pair of gloves
SInv    +            d - +0 pair of boots
Will    +....        c - amulet of regeneration
Stlth   +++++        (no ring)
HPRegen 1.35/turn    (no ring)
MPRegen 0.20/turn

%: no passive effects
@: healing quickly
A: alive, fangs 3, see invisible, vampiric 2
a: Exsanguinate, Renounce Religion, Heroism, Finesse, Duel


You escaped.
You worshipped Okawaru.
Okawaru was extremely pleased with you.
You visited 2 branches of the dungeon, and saw 13 of its levels.
You also visited: Sewer, Ossuary and Bailey.

You collected 972 gold pieces.
You spent 450 gold pieces at shops.

Inventory:

Hand Weapons
 a - the +4 short sword of Eternal War (weapon) {elec, rCorr Str-4 Int+2 Stlth+}
   (You found it on level 4 of the Dungeon)

   Str-4:     It affects your strength (-4).
   Int+2:     It affects your intelligence (+2).
   rCorr:     It protects you from acid and corrosion.
   Stlth+:    It makes you more stealthy.
 E - a +2 demon blade of venom
Missiles
 b - 4 curare-tipped darts (quivered)
 n - 29 poisoned darts
 P - a throwing net
Armour
 d - a +0 pair of boots (worn)
 f - a +0 leather armour
 r - +0 steam dragon scales
 u - a +0 pair of gloves (worn)
 K - a +0 cloak (worn)
 S - the +9 swamp dragon scales of the Bulwark (worn) {rPois rF+ rC+ MP+9}
   (You took it off a spriggan in a bailey)

   rF+:       It protects you from fire.
   rC+:       It protects you from cold.
   rPois:     It protects you from poison MP+9: It affects your magic capacity
   (+9).
 W - a +0 helmet (worn)
Magical Staves
 C - a staff of fire
Jewellery
 c - an amulet of regeneration (around neck)
 j - a ring of fire
 o - a ring of magical power
 R - a ring of ice
Wands
 l - a wand of roots (4)
 J - a wand of polymorph (17)
 V - a wand of mindburst (12)
 Y - a wand of quicksilver (7)
 Z - a wand of flame (10)
Scrolls
 g - 2 scrolls of silence
 h - a scroll of enchant armour
 i - 4 scrolls of amnesia
 k - 3 scrolls of fog
 m - 2 scrolls of revelation
 p - 5 scrolls of teleportation
 w - 5 scrolls of blinking
 x - a scroll of noise {unknown}
 y - a scroll of immolation {unknown}
 G - 3 scrolls of enchant weapon
 H - a scroll of torment
 O - 2 scrolls of vulnerability
 Q - a scroll of poison
 T - a scroll of summoning {unknown}
Potions
 e - a potion of berserk rage
 q - 2 potions of brilliance
 s - a potion of degeneration
 t - 3 potions of enlightenment
 v - 4 potions of curing
 z - 4 potions of magic
 A - 4 potions of might
 B - 4 potions of ambrosia
 D - 2 potions of haste
 F - 2 potions of invisibility
 I - 5 potions of heal wounds
 L - a potion of resistance
 M - a potion of attraction
 U - 3 potions of mutation {unknown}


   Skills:
 + Level 8.9 Fighting
 - Level 11.8 Short Blades
 - Level 1.7 Polearms
 - Level 1.5 Throwing
 + Level 4.0 Armour
 + Level 10.4 Dodging
 + Level 9.6 Stealth
 - Level 8.0 Invocations


You had 9 spell levels left.
You knew the following spells:

 Your Spells              Type           Power      Damage    Failure   Level
a - Blink                 Tloc           0%         N/A       83%         2

Your spell library contained the following spells:

 Spells                   Type           Power      Damage    Failure   Level
 Kiss of Death            Conj/Necr      0%         2d5       71%         1
 Sting                    Tmut/Pois      0%         1d3       71%         1
 Scorch                   Fire           0%         2d5       83%         2
 Wereblood                Tmut           0%         N/A       83%         2
 Confusing Touch          Hex            0%         N/A       97%         3
 Hailstorm                Conj/Ice       0%         3d3       97%         3
 Sigil of Binding         Hex            0%         N/A       97%         3
 Dimensional Bullseye     Hex/Tloc       0%         N/A       100%        4
 Dispel Undead            Necr           0%         3d6       100%        4
 Flame Wave               Conj/Fire      0%         2d4       100%        4
 Leda's Liquefaction      Hex/Erth       0%         N/A       100%        4
 Manifold Assault         Tloc           0%         N/A       100%        4
 Alistair's Intoxication  Tmut/Pois      0%         N/A       100%        5
 Borgnjor's Vile Clutch   Necr/Erth      0%         N/A       100%        5
 Eringya's Noxious Bog    Tmut/Pois      0%         4d6       100%        6
 Call Canine Familiar     Summ           Unusable   N/A       N/A         3
 Summon Forest            Summ/Tloc      Unusable   N/A       N/A         5
 Summon Cactus Giant      Summ           Unusable   N/A       N/A         6

Dungeon Overview and Level Annotations

Branches:
Dungeon (12/15)            Temple (1/1) D:4            Lair (0/5) D:8
    Orc (0/2) D:12          Sewer (visited)         Ossuary (visited)
 Bailey (visited)

Altars:
Ashenzari
Cheibriados
Dithmenos
Fedhas
Gozag
Hepliaklqana
Kikubaaqudgha
Makhleb
Nemelex Xobeh
Okawaru
Qazlal
Ru
Sif Muna
Trog
Uskayaw
Vehumet
Wu Jian
Xom
Yredelemnul

Shops:
D:7 :   D:10 =

Annotations:
D:7 3 runed translucent doors, arthad's ghost, novice DEEE
D:8 Maggie


Innate Abilities, Weirdness & Mutations

Your natural rate of healing is accelerated.
You have razor-sharp teeth.
You have supernaturally acute eyesight. (SInv)
You are afflicted with vampirism and can become a bat while bloodless.


Message History

There is a stone staircase leading up here.
You climb upwards.
There is a stone staircase leading down here.
There is a stone staircase leading up here.
You climb upwards.
Level annotation: Maggie
There is a stone staircase leading down here.
You see here a +0 scale mail.
There is a stone staircase leading up here.
You climb upwards.
Level annotation: 3 runed translucent doors, arthad's ghost, novice DEEE
There is a stone staircase leading down here.
There is a stone staircase leading up here.
You climb upwards.
There is a stone staircase leading down here.
Things that are here:
a +0 short sword; a +0 flail
There is a stone staircase leading up, spattered with blood here.
Things that are here:
a +0 short sword; a +0 robe; a +0 dagger You climb upwards.
There is a stone staircase leading down here.
Things that are here:
a +0 club; a +0 ring mail; a +0 flail
There is a stone staircase leading up here.
You climb upwards.
There is a stone staircase leading down here.
There is a stone staircase leading up here.
You climb upwards.
There is a stone staircase leading down here.
There is a stone staircase leading up here.
You climb upwards.
There is a stone staircase leading down here.
There is a stone staircase leading up here.
You climb upwards.
There is a stone staircase leading down here.
You see here a +0 club.
There is an open door here.
There is a staircase leading out of the dungeon here.
You have escaped!

..#.......♣♣
###........♣
#........♣♣
♣.........♣♣
♣..........♣
♣...)......####
♣♣....#######..##
♣..........'....#
♣♣.........[#...@#
♣.[....#######..##
♣........8..8#'##
♣.......P.P..#..#
♣#[.#..P.P.P.#..#
#..#........#..#
#..#..P.P.P.#..#
#..#.P.P....#..#
#..#..P...P.#..#


There were no monsters in sight!

Vanquished Creatures
  Fannar (D:10)
  A boulder beetle (D:12)
  4 two-headed ogres
  Pikel (D:8)
  An oklob plant (D:12)
  2 cyclopes
  A manticore (D:11)
  Psyche (D:8)
  A gargoyle (D:10)
  A komodo dragon (D:8)
  3 trolls
  2 hornets (D:12)
  4 slime creatures (D:12)
  2 wraiths (D:10)
  8 spriggans (Bailey)
  9 yaks
  Grum (D:8)
  A basilisk (D:12)
  10 vampire mosquitoes
  Eustachio (D:6)
  3 steam dragons
  Menkaure (D:7)
  2 acid dragons (D:12)
  4 water moccasins
  6 orc warriors
  6 ogres (Bailey)
  4 boggarts (D:12)
  3 wolves (D:8)
  A centaur (D:9)
  3 lemures (D:8)
  2 phantoms (D:5)
  3 elf zombies (Ossuary)
  4 kobold brigands
  A gnoll sergeant (D:9)
  4 scorpions
  4 bullfrogs
  10 wights
  8 killer bees (D:9)
  An oklob sapling (D:12)
  3 howler monkeys
  4 centaur zombies (Ossuary)
  5 human zombies (Ossuary)
  5 hounds
  A jelly (D:5)
  11 orc priests
  3 sleepcaps
  4 iguanas
  12 orc wizards
  3 mummies (Ossuary)
  6 gnolls
  14 adders
  2 river rats (Sewer)
  A shadow imp (D:7)
  A white imp (D:6)
  4 ufetubi
  3 worms
  A dart slug (D:2)
  53 orcs
  12 ball pythons
  5 endoplasms
  5 giant cockroaches
  6 goblins
  3 hobgoblins
  2 quokkas (D:6)
  4 bats
  4 frilled lizards
  19 kobolds
  10 rats
331 creatures vanquished.

Vanquished Creatures (others)
  An orc wizard (D:12)
1 creature vanquished.

Grand Total: 332 creatures vanquished

Notes
Turn   | Place    | Note
-------+----------+-------------------------------------------
     0 | D:1      | D12ThenQuit the Vampire Wanderer began the quest for the
                  | Orb.
     0 | D:1      | D12ThenQuit set off with the following items: a +2 dagger,
                  | 2 curare-tipped darts, a +0 spear, a +0 pair of boots, a
                  | potion of berserk rage, a +0 leather armour.
     0 | D:1      | Reached XP level 1. HP: 15/15 MP: 1/1
    59 | D:1      | Reached skill level 1 in Short Blades
   237 | D:1      | Reached skill level 2 in Short Blades
   237 | D:1      | Reached XP level 2. HP: 19/21 MP: 2/2
   646 | D:1      | Gained mutation: You are afflicted with vampirism and can
                  | become a bat while bloodless. [Vampire growth]
   646 | D:1      | Reached XP level 3. HP: 20/26 MP: 3/3
   761 | D:2      | Reached skill level 3 in Short Blades
   989 | D:2      | Learned a level 2 spell: Blink
  1978 | D:3      | Found a blossoming altar of Fedhas.
  2111 | D:4      | Identified the +4 short sword of Eternal War {elec, rCorr
                  | Str-4 Int+2 Stlth+}
  2159 | D:4      | Found a staircase to the Ecumenical Temple.
  2172 | Temple   | Entered the Ecumenical Temple
  2205 | Temple   | Became a worshipper of Warmaster Okawaru
  2250 | D:4      | Found a sand-covered staircase.
  2265 | Ossuary  | Entered an ossuary
  2282 | Ossuary  | Reached XP level 4. HP: 32/32 MP: 4/4
  2308 | Ossuary  | Reached skill level 4 in Short Blades
  2323 | Ossuary  | Reached XP level 5. HP: 36/37 MP: 5/5
  2339 | Ossuary  | Reached * piety under Okawaru
  2340 | Ossuary  | Reached skill level 5 in Short Blades
  2340 | Ossuary  | Reached skill level 5 in Stealth
  2428 | Ossuary  | Reached XP level 6. HP: 43/43 MP: 6/6
  2448 | Ossuary  | Reached skill level 6 in Short Blades
  2547 | Ossuary  | Reached skill level 7 in Short Blades
  2572 | Ossuary  | Reached XP level 7. HP: 42/48 MP: 7/7
  2591 | Ossuary  | Reached ** piety under Okawaru
  2910 | D:5      | Entered Level 5 of the Dungeon
  2935 | D:5      | Reached skill level 8 in Short Blades
  3107 | D:5      | Reached skill level 9 in Short Blades
  3330 | D:5      | Reached XP level 8. HP: 54/54 MP: 8/8
  3400 | D:5      | Reached *** piety under Okawaru
  3498 | D:5      | Reached skill level 10 in Short Blades
  3560 | D:5      | Found a snail-covered altar of Cheibriados.
  3873 | D:6      | Found a glowing drain.
  3883 | Sewer    | Entered a sewer
  4245 | D:6      | Reached skill level 11 in Short Blades
  4528 | D:6      | Found a shimmering blue altar of Sif Muna.
  4529 | D:6      | Found a radiant altar of Vehumet.
  4539 | D:6      | Noticed Eustachio
  4542 | D:6      | Killed Eustachio
  5052 | D:7      | Found a runed translucent gate.
  5053 | D:7      | Found a runed translucent gate.
  5054 | D:7      | Found a runed translucent gate.
  5091 | D:7      | Found Suxkoreu's Book Shoppe.
  5190 | D:7      | Found a basalt altar of Yredelemnul.
  5204 | D:7      | Found a hazy altar of Hepliaklqana.
  5207 | D:7      | Found a broken altar of Ashenzari.
  5258 | D:7      | Noticed Menkaure
  5276 | D:7      | Killed Menkaure
  5277 | D:7      | Reached XP level 9. HP: 61/61 MP: 10/10
  5319 | D:7      | Reached **** piety under Okawaru
  5841 | D:7      | Noticed arthad's ghost (novice DEEE)
  5919 | D:8      | Noticed Pikel
  6022 | D:8      | Killed Pikel
  6162 | D:8      | Noticed Psyche
  6179 | D:8      | Killed Psyche
  6180 | D:8      | Reached skill level 5 in Dodging
  6277 | D:8      | Reached ***** piety under Okawaru
  6283 | D:8      | Noticed Grum
  6547 | D:8      | Found a burning altar of Makhleb.
  6578 | D:8      | Reached XP level 10. HP: 67/73 MP: 13/13
  6594 | D:8      | Reached skill level 5 in Fighting
  6594 | D:8      | Reached skill level 5 in Invocations
  6863 | D:8      | Found a staircase to the Lair.
  6870 | D:8      | Killed Grum
  6966 | D:8      | Noticed Maggie
  7226 | D:9      | Noticed a two-headed ogre
  7242 | D:9      | Killed a two-headed ogre
  7714 | D:9      | Found a sacrificial altar of Ru.
  8151 | D:9      | Noticed a two-headed ogre
  8164 | D:9      | Killed a two-headed ogre
  8264 | D:10     | Entered Level 10 of the Dungeon
  8353 | D:10     | Identified the +1 robe of the Garden {rPois Dex+3 Archmagi}
  8578 | D:10     | Received a gift from Okawaru
  8619 | D:10     | Reached XP level 11. HP: 79/82 MP: 16/16
  8697 | D:10     | Noticed Fannar
  8705 | D:10     | Killed Fannar
  8725 | D:10     | Found Nomi Odwuyta's Jewellery Shoppe.
  8816 | D:10     | Found a flagged portal.
  8837 | Bailey   | Entered a bailey
  9118 | Bailey   | Identified the +9 swamp dragon scales of the Bulwark {rPois
                  | rF+ rC+ MP+9}
  9145 | Bailey   | Noticed a two-headed ogre
  9167 | Bailey   | Killed a two-headed ogre
  9445 | D:10     | Noticed a two-headed ogre
  9448 | D:10     | Killed a two-headed ogre
 10469 | D:10     | Bought an amulet of regeneration for 450 gold pieces
 10710 | D:12     | Reached XP level 12. HP: 89/94 MP: 18/18
 10816 | D:12     | Reached skill level 10 in Dodging
 10855 | D:12     | Found a staircase to the Orcish Mines.
 10982 | D:12     | Noticed a boulder beetle
 11002 | D:12     | Killed a boulder beetle
 11092 | D:12     | Received a gift from Okawaru
 11931 | D:12     | Got a yellowed book
 12202 | D:$      | Safely got out of the dungeon.

Illustrated notes

Levels and vault maps discovered:
D:1:      sevenhm_arrival_forest_fort_large_4, layout_loops_ring,
          minmay_tetromino_s4
D:2:      layout_loops_ring
D:3:      layout_basic, lemuel_coloured_pillars_altar
D:4:      layout_rooms, minmay_temple_entry_glass,
          lightli_ossuary_entry_decrepit_ruins
D:5:      layout_basic, chei_slow_surprise, minmay_bent
D:6:      layout_cave_pods, jmf_multi_god_temple, gup_sewer_entry_bubbles,
          uniq_eustachio
D:7:      layout_basic, grunt_temple_overflow_cloverleaf, serial_shops,
          nicolae_book_shop_shelving, ebering_ghost_rock_garden,
          chequers_serial_rivers_room_b, uniq_menkaure
D:8:      layout_rooms, mainiacjoe_overflow_24_doors, david_lair_shrubbed,
          uniq_psyche, uniq_maggie, uniq_pikel, uniq_grum
D:9:      layout_basic, nicolae_overflow_crystal_walls
D:10:     layout_basic, enter_bailey_2, nicolae_take_the_stairs, uniq_fannar
D:11:     layout_roguey
D:12:     layout_long_grid, hiddenorc2_lemuel, introduction_to_nature_1
Temple:   nicolae_temple_godzebo

Skill      XL: |  1  2  3  4  5  6  7  8  9 10 11 12 |
---------------+-------------------------------------+-----
Short Blades   | 2 3 4 5 7 9 11 | 11.8
Stealth        | 3 4 5 8 9 |  9.6
Fighting       | 2 4 6 8 |  8.9
Invocations    | 2 4 6 8 |  8.0
Dodging        | 5 8 9 10 | 10.4
Armour         | 3 4 |  4.0
Polearms       | |  1.7
Throwing       | |  1.5

Action                     |  1- 3 |  4- 6 |  7- 9 | 10-12 || total
---------------------------+-------+-------+-------+-------++-------
  Melee: Dagger            |    81 |       |       |       ||    81
         Bite              |    10 |    17 |    39 |   103 ||   169
         Short sword       |     8 |    88 |   374 |   730 ||  1200
         Punch             |     2 |       |     5 |    11 ||    18
  Throw: Dart              |       |       |     2 |     8 ||    10
         Throwing net      |       |       |       |     1 ||     1
 Invoke: Finesse           |       |       |     1 |     8 ||     9
         Heroism           |       |       |       |     3 ||     3
    Use: Scroll            |     1 |       |    19 |     3 ||    23
         Potion            |       |       |     4 |     3 ||     7
   Stab: Sleeping          |     8 |     1 |    19 |    12 ||    40
         Distracted        |       |       |       |     3 ||     3
         Invisible         |       |       |       |     1 ||     1
 Armour: Leather armour    |    37 |    41 |   132 |     5 ||   215
         Steam dragon scal |       |       |       |    65 ||    65
         Swamp dragon scal |       |       |       |   163 ||   163
  Dodge: Dodged            |    31 |    36 |   120 |   333 ||   520

Table legend: (Time is in decaauts)
 A = Elapsed time spent in this place.
 B = Non-inter-level travel time spent in this place.
 C = Inter-level travel time spent in this place.
 D = Time resting spent in this place.
 E = Time spent auto-exploring this place.
 F = Levels seen in this place.
 G = Mean time per level.
                   A        B        C        D        E       F      G
               +--------+--------+--------+--------+--------+-----+--------+
         Total |  11723 |  10972 |    751 |    909 |   6532 |  16 |  732.7 |
       Dungeon |  10448 |   9729 |    719 |    701 |   6158 |  12 |  870.7 |
        Temple |     66 |     34 |     32 |      0 |      0 |   1 |   66.0 |
         Sewer |    357 |    357 |      0 |      0 |    223 |   1 |  357.0 |
       Ossuary |    347 |    347 |      0 |     59 |     60 |   1 |  347.0 |
        Bailey |    503 |    503 |      0 |    148 |     90 |   1 |  503.0 |
               +--------+--------+--------+--------+--------+-----+--------+

Top non-repeatable levels by time:
    D:12: 1361 daAuts
     D:7: 1135 daAuts
     D:6: 1116 daAuts
     D:9: 1081 daAuts
    D:10: 892 daAuts
     D:8: 869 daAuts
     D:1: 784 daAuts
    D:11: 754 daAuts
     D:5: 709 daAuts
     D:2: 661 daAuts
     D:3: 657 daAuts
  Bailey: 503 daAuts
     D:4: 424 daAuts
   Sewer: 357 daAuts
 Ossuary: 347 daAuts
